 Dungeon Crawl Stone Soup version 0.21-a0-630-g344d351 (webtiles) character file.

655 Alarkh the Digger (level 7, -21/46 HPs)
             Began as a Demonspawn Earth Elementalist on Dec 26, 2017.
             Killed from afar by Alarkh's ghost (25 damage)
             ... with a stone arrow
             ... on level 5 of the Dungeon.
             The game lasted 00:07:42 (5790 turns).

Alarkh the Digger (Demonspawn Earth Elementalist)   Turns: 5790, Time: 00:07:44

Health: -21/46     AC:  3    Str:  9    XL:     7   Next: 29%
Magic:  4/15       EV: 12    Int: 18    God:
Gold:   134        SH:  0    Dex: 13    Spells: 5/16 levels left

rFire    + . .     SeeInvis .   a - +0 spear
rCold    . . .     Gourm    .   (no shield)
rNeg     . . .     Faith    .   k - +0 robe {rF+}
rPois    .         Spirit   .   f - +0 helmet
rElec    .         Reflect  .   (no cloak)
rCorr    .         Harm     .   (no gloves)
MR       .....                  (no boots)
Stlth    ++++......             (no amulet)
HPRegen  0.15/turn              g - ring of stealth
MPRegen  0.14/turn              s - ring of loudness (curse)

@: lethally poisoned (-21 -> -27)
A: talons 2, nightstalker 2
a: no special abilities


You were on level 5 of the Dungeon.
You were hungry.

You visited 1 branch of the dungeon, and saw 5 of its levels.
You also visited: Sewer.

You collected 134 gold pieces.

Inventory:

Hand Weapons
 a - a +0 spear (weapon)
Missiles
 b - 49 stones (quivered)
Armour
 c - a +0 robe
 f - a +0 helmet (worn)
 k - a +0 robe of fire resistance (worn)
Jewellery
 g - a ring of stealth (left hand)
 s - a cursed ring of loudness (right hand)
 t - an uncursed ring of resist corrosion
Wands
 u - a wand of iceblast (8)
 y - a wand of digging (6)
Scrolls
 e - 3 scrolls of identify
 h - 4 scrolls of enchant weapon {unknown}
 n - 2 scrolls of remove curse {unknown}
 o - 2 scrolls of immolation
 p - a scroll of enchant armour {unknown}
 v - a scroll of fog {unknown}
 w - a scroll of fear
 D - a scroll of magic mapping {unknown}
Potions
 i - 2 potions of magic
 m - 2 potions of might
 q - a potion of mutation
 r - 2 potions of heal wounds
 x - a potion of resistance
 B - a potion of haste {unknown}
 C - a potion of berserk rage {unknown}
Books
 j - a book of Geomancy

   Spells                             Type                      Level
   a - Sandblast                      Earth                        1
   b - Passwall                       Transmutation/Earth          2
   c - Stone Arrow                    Conjuration/Earth            3
   d - Petrify                        Transmutation/Earth          4
   e - Lee's Rapid Deconstruction     Earth                        5
 l - a book of Conjurations

   Spells                             Type                      Level
   a - Magic Dart                     Conjuration                  1
   b - Searing Ray                    Conjuration                  2
   c - Dazzling Spray                 Conjuration/Hexes            3
   d - Fulminant Prism                Conjuration/Hexes            4
   e - Force Lance                    Conjuration/Translocation    4
   f - Iskenderun's Mystic Blast      Conjuration                  4
 A - a book of Air

   Spells                             Type                      Level
   a - Shock                          Conjuration/Air              1
   b - Swiftness                      Charms/Air                   2
   c - Static Discharge               Conjuration/Air              3
   d - Airstrike                      Air                          4
   e - Lightning Bolt                 Conjuration/Air              5
Comestibles
 d - 9 rations


   Skills:
 - Level 1.7 Dodging
 - Level 1.7 Stealth
 + Level 5.4 Spellcasting
 - Level 0.8 Transmutations
 + Level 5.8 Earth Magic


You had 5 spell levels left.
You knew the following spells:

 Your Spells              Type           Power        Failure   Level  Hunger
a - Sandblast             Erth           ####..       1%          1    None
b - Passwall              Tmut/Erth      ###.......   4%          2    #......
c - Stone Arrow           Conj/Erth      ###...       12%         3    ##.....
d - Lee's Rapid Deconstr  Erth           ####......   32%         5    ######.


Dungeon Overview and Level Annotations

Branches:
Dungeon (5/15)
 Temple: D:4-7

Altars:
Makhleb
Ru

Annotations:
D:5 Alarkh's ghost, novice DsEE


Innate Abilities, Weirdness & Mutations

You have razor-sharp toenails.
You are significantly more attuned to the shadows.


Message History

The stone arrow misses Alarkh's ghost.
Alarkh's ghost casts a spell at you. The blast of sand hits you!
* * * LOW HITPOINT WARNING * * *
You feel much better. Alarkh's ghost hits you.
You are poisoned.
You feel sick.
Alarkh's ghost points at you and mumbles some strange words.
The stone arrow hits you!
* * * LOW HITPOINT WARNING * * *
You feel sick.
You feel sick.
You feel sick.
Alarkh's ghost gestures at you while chanting.
The stone arrow hits you!
* * * LOW HITPOINT WARNING * * *
Alarkh's ghost gestures at you while chanting.
The stone arrow hits you!
Ouch! That really hurt!
You die...

########### ##.
§.......... #####
##########. #######%?(
§§§........ ......####
###########
........############.....#
................@.##.....#
.........########.##.....#
.........#### #.##.....#
...........<# #.##.....#
.........########W##.....#
#####.####...............#
#.#....#####.###.....#
#.#.#..# #.# #.#####
#.#.#.W# #.# #.#


You could see Alarkh's ghost.

Vanquished Creatures
  An ice beast (D:5)
  An ogre (D:4)
  The ghost of Dustman the Grave Robber, an amateur HuNe (D:4)
  2 big kobolds (Sewer)
  Jessica (D:2)
  An iguana (D:4)
  A worker ant (D:4)
  4 adders
  4 gnolls (D:4)
  A shadow imp (D:5)
  An ooze (Sewer)
  5 worms
  A dart slug (D:1)
  2 leopard geckos
  3 orcs
  3 giant cockroaches
  6 goblins
  6 hobgoblins
  9 jackals
  4 quokkas
  2 ball pythons (D:3)
  9 bats
  3 frilled lizards
  2 jackal skeletons (D:4)
  10 kobolds
  A quokka skeleton (D:4)
  11 rats
95 creatures vanquished.

Vanquished Creatures (others)
  A water moccasin zombie (D:5)
1 creature vanquished.

Grand Total: 96 creatures vanquished

Notes
Turn   | Place    | Note
-------+----------+-------------------------------------------
     0 | D:1      | Alarkh the Demonspawn Earth Elementalist began the quest for the Orb.
     0 | D:1      | Reached XP level 1. HP: 13/13 MP: 3/3
   130 | D:1      | Gained mutation: You are slightly more attuned to the shadows. [demonic ancestry]
   130 | D:1      | Reached XP level 2. HP: 10/19 MP: 1/5
   605 | D:1      | You fall through a shaft!
   628 | D:2      | Noticed Jessica
   632 | D:2      | Killed Jessica
   632 | D:2      | Gained mutation: You are significantly more attuned to the shadows. [demonic ancestry]
   632 | D:2      | Reached XP level 3. HP: 24/24 MP: 3/7
  1778 | D:2      | Gained mutation: You have sharp toenails. [demonic ancestry]
  1778 | D:2      | Reached XP level 4. HP: 30/30 MP: 6/8
  2369 | D:3      | Learned a level 2 spell: Passwall
  2373 | D:3      | Learned a level 3 spell: Stone Arrow
  2587 | D:3      | Found a glowing drain.
  2591 | Sewer    | Entered a sewer
  2752 | Sewer    | Noticed a big kobold
  2761 | Sewer    | Killed a big kobold
  2761 | Sewer    | Reached XP level 5. HP: 26/35 MP: 2/10
  3355 | D:3      | Gained mutation: You have razor-sharp toenails. [demonic ancestry]
  3355 | D:3      | Reached XP level 6. HP: 40/41 MP: 9/12
  4329 | D:4      | Learned a level 5 spell: Lee's Rapid Deconstruction
  4557 | D:4      | Reached skill level 5 in Earth Magic
  4739 | D:4      | Noticed Dustman's ghost (amateur HuNe)
  4986 | D:4      | Reached skill level 5 in Spellcasting
  5135 | D:4      | Killed Dustman's ghost
  5135 | D:4      | Reached XP level 7. HP: 33/46 MP: 0/14
  5264 | D:4      | Found a sacrificial altar of Ru.
  5264 | D:4      | Found a burning altar of Makhleb.
  5594 | D:5      | Entered Level 5 of the Dungeon
  5773 | D:5      | Noticed Alarkh's ghost (novice DsEE)
  5790 | D:5      | Killed from afar by Alarkh's ghost

Vault maps used:
D:1:      shiori_shiawase
D:2:      uniq_jessica
D:3:      first_ration, gup_sewer_entry_bowl
D:4:      gammafunk_temple_overflow_elements, serial_bayou_lagoon_a,
          grunt_decor_arrowhead, st_stairs_7
D:5:      lemuel_ice_spiral_2, lemuel_temple_firewalk_b
Sewer:    sewer_co_15_rooms

Skill      XL: |  1  2  3  4  5  6 |
---------------+-------------------+-----
Earth Magic    | 3 4 5 |  5.8
Spellcasting   | 3 4 5 |  5.4
Dodging        | |  1.7
Stealth        | |  1.7
Transmutations | |  0.8

Action                   |  1- 3 |  4- 6 |  7- 9 || total
-------------------------+-------+-------+-------++-------
Melee: Spear             |    39 |    67 |     7 ||   113
       Kick              |       |     9 |     1 ||    10
 Cast: Sandblast         |    38 |    84 |     9 ||   131
       Stone Arrow       |       |     5 |     5 ||    10
  Use: Scroll            |     1 |     9 |       ||    10
       Potion            |       |     3 |     1 ||     4
 Stab: Sleeping          |     2 |     9 |     2 ||    13
       Distracted        |       |     1 |       ||     1
  Eat: Chunk             |     2 |    11 |     2 ||    15
Armor: Robe              |     9 |    10 |     3 ||    22
Dodge: Dodged            |    36 |    55 |     7 ||    98

Table legend:
 A = Spawn XP
 B = Non-spawn XP
 C = Spawn XP percentage of total XP
 D = Spawn monster count
 E = Non-spawn monster count
 F = Spawn count percentage of total count
 G = Total turns spent on level
                    A         B        C        D         E        F      G
               +---------+---------+-------+---------+---------+-------+---------
         Total |       0 |     936 |   0.0 |       0 |      95 |   0.0 |  5790
               +---------+---------+-------+---------+---------+-------+---------
           D:1 |       0 |      48 |   0.0 |       0 |      28 |   0.0 |  1024
           D:2 |       0 |      61 |   0.0 |       0 |      13 |   0.0 |  1308
           D:3 |       0 |      75 |   0.0 |       0 |      21 |   0.0 |  1333
           D:4 |       0 |     380 |   0.0 |       0 |      17 |   0.0 |  1295
           D:5 |       0 |     138 |   0.0 |       0 |       2 |   0.0 |   196
         Sewer |       0 |     234 |   0.0 |       0 |      14 |   0.0 |   634
               +---------+---------+-------+---------+---------+-------+---------
